 Dungeon Crawl Stone Soup version 0.30-b1-5-g8e6c1be481 (webtiles) character file.

Game seed: 13510647822900487092

65 RascalDebosk the Magician (level 4, 0/34 HPs)
             Began as a Djinni Warper on May 4, 2023.
             Slain by an orc wizard
             ... wielding a +0 dagger
              (3 damage)
             ... on level 3 of the Dungeon.
             The game lasted 00:14:09 (1826 turns).

RascalDebosk the Magician (Djinni Warper)           Turns: 1826, Time: 00:14:09

Health: 0/34       AC:  5    Str: 10    XL:     4   Next: 34%
Gold:   74         EV: 10    Int: 17    God:
                   SH:  0    Dex: 12

rFire   + + .        a - +0 falchion
rCold   x . .        (no shield)
rNeg    . . .        n - +0 ring mail
rPois   ∞            (no helmet)
rElec   .            (no cloak)
rCorr   .            (no gloves)
SInv    .            (boots unavailable)
Will    .....        q - amulet of the acrobat
Stlth   +            (no ring)
HPRegen 0.25/turn    (no ring)
MPRegen 0.00/turn

%: acrobat, infuse magic (-1 HP)
@: flying, very slightly contaminated
A: sickness immunity, fire resistance 2, cold vulnerability 1, float, innate
caster, HP casting, extra vitality 1
a: no special abilities


You were on level 3 of the Dungeon.
You visited 1 branch of the dungeon, and saw 3 of its levels.

You collected 74 gold pieces.

Inventory:

Hand Weapons
 a - a +0 falchion (weapon)
Missiles
 d - 7 boomerangs of dispersal (quivered)
Armour
 n - a +0 ring mail (worn)
 p - a +0 scale mail
 t - a +0 chain mail
Jewellery
 q - an amulet of the acrobat (around neck)
Scrolls
 c - 2 scrolls of amnesia {unknown}
 g - a scroll of blinking
 i - 2 scrolls of poison {unknown}
 m - a scroll of teleportation {unknown}
 r - a scroll of enchant armour {unknown}
 s - a scroll of identify {unknown}
Potions
 e - a potion of cancellation {unknown}
 f - a potion of curing {unknown}
 h - a potion of might {unknown}
 j - a potion of attraction {unknown}
 k - a potion of flight {unknown}
 l - 2 potions of heal wounds {unknown}
 o - a potion of berserk rage {unknown}


   Skills:
 * Level 2.9 Fighting
 + Level 2.2 Long Blades
 - Level 0.7 Throwing
 + Level 1.6 Armour
 - Level 2.1 Dodging
 * Level 2.9 Spellcasting


You knew the following spells:

 Your Spells              Type           Power      Damage    Failure   Level
a - Blink                 Tloc           24%        N/A       21%         2
b - Lesser Beckoning      Tloc           24%        N/A       21%         2
c - Vhi's Electric Charg  Tloc/Air       24%        N/A       36%         3
d - Teleport Other        Tloc           12%        N/A       36%         3
e - Manifold Assault      Tloc           12%        N/A       78%         4
f - Sandblast             Erth           24%        2d8       13%         1
Your spell library was empty.

Dungeon Overview and Level Annotations

Branches:
Dungeon (3/15)

Altars:

Shops:
D:2 *


Innate Abilities, Weirdness & Mutations

You are immune to sickness and miasma.
You are immune to poison.
Your flesh is very heat resistant. (rF++)
You are vulnerable to cold. (rC-)
You float through the air rather than walking.
You learn spells naturally, not from books.
Your magical power is your life essence.
You have superior vitality. (+4 MHP)


Message History

Aiming: Sandblast (safe; 13% risk of failure)
Press: ? - help, Shift-Dir - straight line, f/p - orc
Aim: an orc, wielding a +0 flail and wearing a +0 ring mail (84% to hit)
The blast of sand hits the orc but does no damage.
The orc hits you with a +0 flail! The orc closely misses you.
Casting: Sandblast (safe; 13% risk of failure)
Confirm with . or Enter, or press ? or * to list all spells.
Aiming: Sandblast (safe; 13% risk of failure)
Press: ? - help, Shift-Dir - straight line, f/p - orc
Aim: an orc, wielding a +0 flail and wearing a +0 ring mail (84% to hit)
The blast of sand hits the orc.
The orc is severely wounded.
The orc wizard mumbles some strange words.
The orc wizard flickers and vanishes!
The orc barely misses you.
Casting: Sandblast (safe; 13% risk of failure)
Confirm with . or Enter, or press ? or * to list all spells.
Aiming: Sandblast (safe; 13% risk of failure)
Press: ? - help, Shift-Dir - straight line, f/p - orc
Aim: an orc, wielding a +0 flail and wearing a +0 ring mail (severely wounded, 84% to hit)
The blast of sand hits the orc.
The orc is almost dead.
The orc hits you with a +0 flail. The orc hits you but does no damage.
Casting: Sandblast (safe; 13% risk of failure)
Confirm with . or Enter, or press ? or * to list all spells.
Aiming: Sandblast (safe; 13% risk of failure)
Press: ? - help, Shift-Dir - straight line, f/p - orc
Aim: an orc, wielding a +0 flail and wearing a +0 ring mail (almost dead, 84% to hit)
The blast of sand hits the orc.
You kill the orc!
* * * LOW HITPOINT WARNING * * *
You hear some strange, mumbled words.
Casting: Sandblast (safe; 13% risk of failure)
Confirm with . or Enter, or press ? or * to list all spells.
You can't see any susceptible monsters within range! (Use Z to cast anyway.)
Casting: Sandblast (safe; 13% risk of failure)
Confirm with . or Enter, or press ? or * to list all spells.
The spell is quite dangerous to miscast (36% risk of failure)!
Continue anyway?
Charge where?
Press: ? - help, Dir - move target, f - orc
Aim: an orc, wielding a +3 mace (78% to hit)
Okay, then.
Casting: Vhi's Electric Charge (quite dangerous; 36% risk of failure)
Confirm with . or Enter, or press ? or * to list all spells.
Aiming: Sandblast (safe; 13% risk of failure)
Press: ? - help, Shift-Dir - straight line, f - orc
Aim: an orc, wielding a +3 mace (82% to hit)
You miscast Sandblast.
Nothing appears to happen.
* * * LOW HITPOINT WARNING * * *
You hear some strange, mumbled words.
Something tries to affect you, but you resist.
Casting: Sandblast (safe; 13% risk of failure)
Confirm with . or Enter, or press ? or * to list all spells.
Aiming: Sandblast (safe; 13% risk of failure)
Press: ? - help, Shift-Dir - straight line, f/p - orc
Aim: an orc, wielding a +3 mace (82% to hit)
You miscast Sandblast.
Nothing appears to happen.
* * * LOW HITPOINT WARNING * * *
Something hits you but does no damage.
You hit something.
You hear some strange, mumbled words.
You are confused.
You hear some strange, mumbled words.
A magic dart appears from out of thin air!
The magic dart hits you.
* * * LOW HITPOINT WARNING * * *
You completely miss something.
You hear some strange, mumbled words.
Something tries to affect you, but you resist.
You bump into the rock wall.
A magic dart appears from out of thin air!
The magic dart hits something.
Something hits you.
* * * LOW HITPOINT WARNING * * *
You miss something. Something hits you but does no damage.
You miss something. Something hits you.
* * * LOW HITPOINT WARNING * * *
You completely miss something. Something hits you but does no damage.
You bump into the rock wall.
Something hits you.
* * * LOW HITPOINT WARNING * * *
You hit something.
You feel less confused. Something hits you.
* * * LOW HITPOINT WARNING * * *
Something hits you but does no damage.
You miss something.
You hear some strange, mumbled words.
A puff of flame appears from out of thin air!
The puff of flame hits something.
Something hits you but does no damage.
You closely miss something. Something hits you but does no damage.
You miss something. Something hits you but does no damage.
You miss something. Something hits you.
You die...

#†#.......# #)#....)..#
########.#..#.####
............#.#
.........#.##.#
.........#....#
.........######
.....†...#############..
[...............@{{oo...
.........#############..
...#...#.############
..>.................##
#.
...################..#
#. .... ##.# #. ...##
#.##########.# ##..
#.##.(........ ...
#.............


You could see 2 orcs.

Vanquished Creatures
  2 worms (D:2)
  3 dart slugs
  An orc (D:3)
  4 ball pythons
  3 bats
  3 endoplasms
  2 giant cockroaches
  6 goblins
  3 hobgoblins
  8 kobolds
  3 quokkas
  4 frilled lizards
  6 rats
48 creatures vanquished.

Notes
Turn   | Place    | Note
-------+----------+-------------------------------------------
     0 | D:1      | RascalDebosk the Djinni Warper began the quest for the Orb.
     0 | D:1      | RascalDebosk set off with the following spells memorised:
                  | Blink, Lesser Beckoning, Vhi's Electric Charge, Teleport
                  | Other, Manifold Assault.
     0 | D:1      | Reached XP level 1. HP: 18/18 MP: 0/0
   114 | D:1      | Reached XP level 2. HP: 7/23 MP: 0/0
   274 | D:1      | You are sucked into a shaft and drop 1 floor!
   362 | D:2      | Reached XP level 3. HP: 19/29 MP: 0/0
   362 | D:2      | Learned a level 1 spell: Sandblast
   586 | D:2      | Found Buga's General Store.
  1295 | D:1      | Reached XP level 4. HP: 34/34 MP: 0/0
  1366 | D:1      | Found a faded altar of an unknown god.
  1826 | D:3      | Slain by an orc wizard

Illustrated notes

Levels and vault maps discovered:
D:1:      roderic_crossed_star, layout_basic,
          shapermc_ecumenical_altar_acropolis
D:2:      layout_loops_cross, serial_shops, shop
D:3:      layout_basic, serial_glass, glass_columns_a, glass_columns_b,
          gup_sewer_entry_glass, serial_shops, nicolae_shop_just_a_little_nook

Skill      XL: |  1  2 |
---------------+-------+-----
Long Blades    | 2 |  2.2
Fighting       | |  2.9
Throwing       | |  0.7
Armour         | |  1.6
Dodging        | |  2.1
Spellcasting   | |  2.9

Action                     |  1- 3 |  4- 6 || total
---------------------------+-------+-------++-------
  Melee: Falchion          |    67 |    18 ||    85
   Cast: Sandblast         |    25 |    20 ||    45
   Stab: Sleeping          |     1 |       ||     1
 Armour: Leather armour    |    14 |     1 ||    15
         Ring mail         |       |    10 ||    10
  Dodge: Dodged            |    42 |    10 ||    52
